 Dungeon Crawl Stone Soup version 0.31-a0-431-g88bdf31460 (webtiles) character file.

Game seed: 9413495097595133516

159 Flugkiller the Insei (level 5, -4/30 HPs)
             Began as a Deep Elf Shapeshifter on July 31, 2023.
             Splashed by a jelly's acid (11 damage)
             ... in a sewer.
             The game lasted 00:02:26 (1629 turns).

Flugkiller the Insei (Deep Elf Shapeshifter)        Turns: 1629, Time: 00:02:26

Health: -4/30      AC: -7    Str: 10 (12) XL:     5   Next: 17%
Magic:  7/7        EV: 11    Int: 11 (13) God:
Gold:   113        SH:  0    Dex: 17      Spells: 4/4 levels left

rFire   . .          .
                       - Unarmed
rCold   . . .        (no shield)
rNeg    . . .        h - +0 ring mail
rPois   .            (helmet currently unavailable)
rElec   .            (cloak currently unavailable)
rCorr   .            (gloves currently unavailable)
SInv    .            (boots currently unavailable)
Will    .....        (no amulet)
Stlth   +            e - ring of flight
HPRegen 0.25/turn    (no ring)
MPRegen 0.10/turn

%: no passive effects
@: beast-form, corroded, flying
A: beast (slay +2)
a: Begin Untransformation


You were in a sewer.
You were a hulking beast.
You visited 1 branch of the dungeon, and saw 3 of its levels.
You also visited: Sewer.

You collected 113 gold pieces.

Inventory:

Armour
 h - a +0 ring mail (worn)
   (You found it on level 1 of the Dungeon)
Jewellery
 e - a ring of flight (left hand)
   (You found it on level 1 of the Dungeon)
Talismans
 c - a beast talisman (active)
Wands
 b - a wand of flame (42)
   (You found it on level 2 of the Dungeon)
Scrolls
 a - 2 scrolls of revelation
 k - a scroll of fog {unknown}
 l - a scroll of teleportation {unknown}
Potions
 g - a potion of mutation
 q - a potion of curing


   Skills:
 - Level 2.0 Fighting
 - Level 2.4 Dodging
 - Level 4.0 Unarmed Combat
 + Level 4.0 Shapeshifting


You had 4 spell levels left.
You didn't know any spells.
Your spell library contained the following spells:

 Spells                   Type           Power      Damage    Failure   Level
 Cigotuvi's Dreadful Rot  Necr/Pois/Air  0%         N/A       80%         2
 Ignite Poison            Fire/Tmut/Pois 0%         N/A       95%         3
 Freezing Cloud           Conj/Ice/Air   0%         6-21      100%        5


Dungeon Overview and Level Annotations

Branches:
Dungeon (3/15) Zot: 16676   Sewer (1/1) Zot: 5705

Altars:


Message History

The river rat attacks as you move away! The river rat bites you.
You punch the river rat!
The river rat is heavily wounded.
The river rat bites you.
You hit the river rat but do no damage.
The river rat is heavily wounded.
The river rat bites you.
You are too injured to fight recklessly!
You are too injured to fight recklessly!
You hit the river rat but do no damage.
The river rat is heavily wounded.
The river rat barely misses you.
You hit the river rat.
The river rat is severely wounded.
The river rat barely misses you.
You completely miss the river rat.
The river rat is severely wounded.
The river rat bites you.
You punch the river rat!
You kill the river rat!
You start resting.
HP restored.
You see here a river rat corpse.
A frilled lizard comes into view.
The frilled lizard hisses angrily.
A jelly comes into view.
There are monsters nearby!
You hit the frilled lizard.
You kill the frilled lizard!
No target in view!
You hit the jelly.
Your hands burn!
The jelly is lightly wounded.
The jelly closely misses you.
You hit the jelly.
Your hands burn!
The jelly is moderately wounded.
The jelly hits you. The acid corrodes you!
You are splashed with acid!
* * * LOW HITPOINT WARNING * * *
You are too injured to fight recklessly!
You completely miss the jelly.
The jelly is moderately wounded.
The jelly closely misses you.
Okay, then.
Blink to where?
Press: ? - help, Dir - move target
As you read the scroll of blinking, it crumbles to dust.
You see here an adder corpse.
You see here a ball python corpse.
The jelly jiggles.
You are no longer corroded.
It was a potion of cancellation.
You feel magically purged.
It was a potion of heal wounds.
You feel much better.
You punch the jelly!
Your hands burn!
The jelly is almost dead.
The jelly hits you but does no damage.
You hit the jelly.
You kill the jelly!
You feel your dexterity returning.
You have reached level 5!
You start resting.
HP restored.
An endoplasm comes into view.
The endoplasm quivers.
An endoplasm is nearby!
You punch the endoplasm!
You kill the endoplasm!
Your Shapeshifting skill increases to level 4!
No target in view!
No target in view!
A ball python comes into view.
The ball python hisses angrily.
An endoplasm comes into view.
The endoplasm quivers.
The ball python misses you. x2
You punch the ball python!
You kill the ball python!
The endoplasm splashes around in the water.
You hit the endoplasm.
The endoplasm is almost dead.
The endoplasm freezes you.
You are frozen.
You barely miss the endoplasm.
The endoplasm is almost dead.
The endoplasm splashes around in the water.
You punch the endoplasm!
You kill the endoplasm!
A jelly comes into view.
A jelly is nearby!
You hit the jelly. The acid corrodes you!
Your hands burn!
The jelly is moderately wounded.
The jelly barely misses you.
You hit the jelly. The acid corrodes you!
Your hands burn!
You punch the jelly.
The jelly is heavily wounded.
The jelly hits you. The acid corrodes you!
You are splashed with acid!
You are too injured to fight recklessly!
You hit the jelly.
Your hands burn!
The jelly is severely wounded.
The jelly hits you.
* * * LOW HITPOINT WARNING * * *
You are splashed with acid!
You die...

~~.# ~.~~# #.~~
#####
#####.~####.~~##
.~.~#..~##~.~..##
..~...~~#~.~#..~# #
##.~~~~~.~##h~.# #~
#..~~~.~.##~J~##
#.~ ..##†.~~#...##
~..# ##.~~†.##.~.
~~~.###.~..~..##~!
#~..~....##~..†####
##..~~.~####~~~~.##
####~†## ##~.~..#
#~.# ###~~~#


You could see a jelly.

Vanquished Creatures
  A jelly (Sewer)
  A howler monkey skeleton (D:3)
  A river rat (Sewer)
  4 adders
  An adder zombie (D:3)
  2 dart slugs
  An orc (D:3)
  4 ball pythons
  10 endoplasms
  4 giant cockroaches
  2 goblins
  2 hobgoblins
  12 jackals
  2 quokkas (D:3)
  3 bats
  4 frilled lizards
  2 kobolds (D:1)
  A quokka zombie (D:3)
  7 rats
64 creatures vanquished.

Notes
Turn   | Place    | Note
-------+----------+-------------------------------------------
     0 | D:1      | Flugkiller the Deep Elf Shapeshifter began the quest for
                  | the Orb.
     0 | D:1      | Reached XP level 1. HP: 11/11 MP: 3/3
    32 | D:1      | Reached skill level 1 in Fighting
   176 | D:1      | Reached XP level 2. HP: 10/17 MP: 4/4
   834 | D:2      | Reached XP level 3. HP: 21/21 MP: 5/5
   942 | D:2      | Found a faded altar of an unknown god.
  1238 | D:3      | Reached XP level 4. HP: 22/26 MP: 6/6
  1328 | D:3      | Found a glowing drain.
  1332 | Sewer    | Entered a sewer
  1575 | Sewer    | Reached XP level 5. HP: 26/30 MP: 7/7
  1629 | Sewer    | Splashed by a jelly's acid

Illustrated notes

Levels and vault maps discovered:
D:1:      mrwooster_arrival_statue_2, layout_loops_ring
D:2:      layout_rooms, ebering_ecumenical_altar_ruins
D:3:      layout_loops_corners, serial_undead, serial_undead_c, serial_undead_b,
          serial_undead_b, serial_undead_a, serial_undead_c, serial_undead_a,
          gup_sewer_entry_bowl
Sewer:    sewer_hellmonk_slimy_pipes

Skill      XL: |  1  2  3  4  5 |
---------------+----------------+-----
Fighting       | 1 2 |  2.0
Unarmed Combat | 3 4 |  4.0
Shapeshifting  | 4 |  4.0
Dodging        | |  2.4

Action                     |  1- 3 |  4- 6 || total
---------------------------+-------+-------++-------
  Melee: Unarmed           |   107 |    73 ||   180
         Punch             |     1 |     2 ||     3
    Use: Potion            |     2 |     3 ||     5
         Scroll            |     3 |     1 ||     4
   Stab: Sleeping          |     1 |       ||     1
 Armour: Ring mail         |    50 |    21 ||    71
         Skin              |     7 |       ||     7
  Dodge: Dodged            |    62 |    40 ||   102

Table legend: (Time is in decaauts)
 A = Elapsed time spent in this place.
 B = Non-inter-level travel time spent in this place.
 C = Inter-level travel time spent in this place.
 D = Time resting spent in this place.
 E = Time spent auto-exploring this place.
 F = Levels seen in this place.
 G = Mean time per level.
                   A        B        C        D        E       F      G
               +--------+--------+--------+--------+--------+-----+--------+
         Total |   1617 |   1579 |     38 |    158 |    959 |   4 |  404.2 |
       Dungeon |   1323 |   1285 |     38 |     39 |    901 |   3 |  441.0 |
         Sewer |    293 |    293 |      0 |    119 |     58 |   1 |  293.0 |
               +--------+--------+--------+--------+--------+-----+--------+

Top non-repeatable levels by time:
     D:1: 757 daAuts
     D:2: 449 daAuts
   Sewer: 293 daAuts
     D:3: 117 daAuts
